cohdb
Replays
Latest Replays
All Replays
Popular Replays
Top Player Replays
Match Explorer
How It Works
Community
CoH3 Stats
Reddit
Sign in to upload your games and track your stats! →
Sign in with Steam
Match 45550213
Unlisted
Match 45550213
Overview
Messages
Build Orders
End
Kettenkrad Recon Vehicle
Construct Infanterie Kompanie
Grenadier Squad
Selects Terror Battlegroup
Selects Machine Gun Camouflage
MG 42 Machine Gun Team
Grenadier Squad
Medical Station
Selects Contempt for the Weak
Construct Panzergrenadier Kompanie
Panzergrenadier Squad
Panzergrenadier Squad
Construct Panzer Kompanie
Stoßtruppen Squad
Selects Propaganda Leaflet Drop
Propaganda Leaflet Drop
Panzer IV Medium Tank
Side Skirts
Selects V1 Rocket Strike
Panzer IV Medium Tank
V1 Rocket Strike
Lone Ranger
mjg042
Manitou
Narize
Manueloski UwU
Zip Zap El Golp1sta
Dream Migi
JVM
0
0
Comments
sign in to comment!
No comments posted yet!